 Dungeon Crawl Stone Soup version 0.31-b1-17-gcfd88c8481 (webtiles) character file.

Game seed: 10897176949003645042

179 Arctor the Vexing (level 5, -1/41 HPs)
             Began as a Gnoll Hexslinger on Jan 15, 2024.
             Was a Believer of Sif Muna.
             Slain by Pargi (5 damage)
             ... on level 3 of the Dungeon.
             The game lasted 00:01:41 (2204 turns).

Arctor the Vexing (Gnoll Hexslinger)                Turns: 2204, Time: 00:01:42

Health: -1/41      AC:  2    Str:  7    XL:     5   Next: 59%
Magic:  9/9        EV: 14    Int: 12    God:    Sif Muna [**....]
Gold:   147        SH:  0    Dex: 17    Spells: 10/10 levels left

rFire   . . .        a - +1 sling
rCold   . . .        (no shield)
rNeg    . . .        c - +0 robe
rPois   .            (no helmet)
rElec   .            j - +0 cloak
rCorr   .            (no gloves)
SInv    .            (no boots)
Will    .....        (no amulet)
Stlth   ++           (no ring)
HPRegen 0.26/turn    (no ring)
MPRegen 0.11/turn

%: no passive effects
@: no status effects
A: fangs 1, strong nose, distributed training, deformed body, MP-powered wands
a: Renounce Religion, Channel Magic


You were on level 3 of the Dungeon.
You worshipped Sif Muna.
Sif Muna was pleased with you.
You visited 1 branch of the dungeon, and saw 3 of its levels.

You collected 147 gold pieces.

Inventory:

Hand Weapons
 a - a +1 sling (weapon)
Armour
 c - a +0 robe (worn)
 j - a +0 cloak (worn)
Wands
 d - a wand of charming (7)
 l - a wand of digging (2)
Scrolls
 b - 2 scrolls of poison
 g - 2 scrolls of teleportation
 h - a scroll of fog
 k - a scroll of immolation {unknown}
 m - 2 scrolls of identify
 n - a scroll of amnesia {unknown}
Potions
 e - 2 potions of might
 f - a potion of heal wounds
 i - a potion of haste {unknown}


   Skills:
 + Level 3.0 Fighting
 + Level 1.6 Short Blades
 + Level 1.6 Long Blades
 + Level 1.6 Axes
 + Level 1.6 Maces & Flails
 + Level 1.6 Polearms
 + Level 1.6 Staves
 + Level 4.8 Ranged Weapons
 + Level 1.6 Throwing
 + Level 1.6 Armour
 + Level 4.8 Dodging
 + Level 1.6 Stealth
 + Level 1.6 Shields
 + Level 1.6 Unarmed Combat
 + Level 3.2 Spellcasting
 + Level 1.3 Conjurations
 + Level 5.6 Hexes
 + Level 1.3 Summonings
 + Level 1.3 Necromancy
 + Level 1.3 Translocations
 + Level 2.4 Fire Magic
 + Level 1.3 Ice Magic
 + Level 1.3 Air Magic
 + Level 1.3 Earth Magic
 + Level 1.3 Alchemy
 + Level 1.8 Invocations
 + Level 1.6 Evocations
 + Level 1.4 Shapeshifting


You had 10 spell levels left.
You didn't know any spells.
Your spell library contained the following spells:

 Spells                   Type           Power      Damage    Failure   Level
 Jinxbite                 Hex            30%        N/A       3%          2
 Sigil of Binding         Hex            15%        N/A       8%          3
 Inner Flame              Hex/Fire       11%        N/A       14%         3
 Cause Fear               Hex            7%         N/A       24%         4
 Dimensional Bullseye     Hex/Tloc       5%         N/A       50%         4


Dungeon Overview and Level Annotations

Branches:
Dungeon (3/15)

Altars:
Gozag
Sif Muna

Annotations:
D:3 Pargi


Innate Abilities, Weirdness & Mutations

You have very sharp teeth.
Your uncanny sense of smell can sniff out nearby items.
Your experience applies equally to all skills.
Armour fits poorly on your strangely shaped body.
You expend magic power (3 MP) to strengthen your wands.


Message History

Pargi is nearby!
You shoot a sling bullet. The sling bullet hits Pargi.
Pargi is moderately wounded.
Pargi completely misses you. Pargi claws you but does no damage.
Pargi claws you.
Pargi is nearby!
You shoot a sling bullet. The sling bullet barely misses Pargi.
Pargi bites you. Pargi closely misses you. Pargi claws you. Pargi bites you!
* * * LOW HITPOINT WARNING * * *
Pargi closely misses you. Pargi claws you.
* * * LOW HITPOINT WARNING * * *
Pargi is nearby!
You are too injured to fight recklessly!
Unknown command.
You are too injured to fight recklessly!
Unknown command.
You are too injured to fight recklessly!
You are too injured to fight recklessly!
You shoot a sling bullet. The sling bullet barely misses Pargi.
Pargi completely misses you. Pargi closely misses you. Pargi misses you.
You shoot a sling bullet. The sling bullet hits Pargi.
Pargi is moderately wounded.
Pargi bites you.
* * * LOW HITPOINT WARNING * * *
Pargi barely misses you. Pargi claws you.
* * * LOW HITPOINT WARNING * * *
You shoot a sling bullet. The sling bullet misses Pargi.
Pargi barely misses you. Pargi claws you but does no damage. Pargi claws you.
* * * LOW HITPOINT WARNING * * *
You shoot a sling bullet.
The sling bullet hits Pargi but does no damage.
Pargi is moderately wounded.
Pargi bites you.
* * * LOW HITPOINT WARNING * * *
Pargi closely misses you. Pargi misses you.
You shoot a sling bullet. The sling bullet hits Pargi.
Pargi is moderately wounded.
Pargi bites you but does no damage. Pargi misses you. Pargi closely misses you.
Pargi bites you.
You die...

..........# #.#
######.##.# #.#
#### #.##.# #.#
...# #.##.# #.#
##.# #.##.#####.#
#.# #.....>....#
#.# ####.#######
#.######.#########
#..............@.#
########.#######T#
#.# .# #.# .# #.#
.# #.# .# #.# .#
#.# .# #.#


You could see Pargi.

Vanquished Creatures
  Jessica (D:3)
  Terence (D:2)
  5 adders (D:2)
  2 dart slugs (D:1)
  8 orcs (D:3)
  4 ball pythons
  3 bats
  7 endoplasms
  2 giant cockroaches
  8 goblins
  5 hobgoblins
  9 kobolds
  4 quokkas (D:1)
  2 frilled lizards
  6 rats
67 creatures vanquished.

Notes
Turn   | Place    | Note
-------+----------+-------------------------------------------
     0 | D:1      | Arctor the Gnoll Hexslinger began the quest for the Orb.
     0 | D:1      | Reached XP level 1. HP: 17/17 MP: 4/4
    74 | D:1      | Reached XP level 2. HP: 23/23 MP: 5/5
   279 | D:1      | Reached XP level 3. HP: 21/28 MP: 7/7
   447 | D:1      | Reached skill level 1 in Invocations
   507 | D:1      | Found a faded altar of an unknown god.
   817 | D:1      | Prayed at the altar of an unknown god.
   817 | D:1      | Became a worshipper of Sif Muna the Loreminder
   817 | D:1      | Reached * piety under Sif Muna
  1021 | D:2      | Reached skill level 1 in Short Blades
  1021 | D:2      | Reached skill level 1 in Long Blades
  1021 | D:2      | Reached skill level 1 in Axes
  1021 | D:2      | Reached skill level 1 in Maces & Flails
  1021 | D:2      | Reached skill level 1 in Polearms
  1021 | D:2      | Reached skill level 1 in Staves
  1021 | D:2      | Reached skill level 1 in Throwing
  1021 | D:2      | Reached skill level 1 in Armour
  1021 | D:2      | Reached skill level 1 in Stealth
  1021 | D:2      | Reached skill level 1 in Shields
  1021 | D:2      | Reached skill level 1 in Unarmed Combat
  1021 | D:2      | Reached skill level 1 in Evocations
  1116 | D:2      | Reached skill level 1 in Shapeshifting
  1116 | D:2      | Reached XP level 4. HP: 30/34 MP: 8/8
  1124 | D:2      | Gained mutation: You expend magic power (3 MP) to
                  | strengthen your wands. [potion of mutation]
  1124 | D:2      | Gained mutation: Armour fits poorly on your strangely
                  | shaped body. [potion of mutation]
  1351 | D:2      | Reached skill level 1 in Conjurations
  1351 | D:2      | Reached skill level 1 in Summonings
  1351 | D:2      | Reached skill level 1 in Necromancy
  1351 | D:2      | Reached skill level 1 in Translocations
  1351 | D:2      | Reached skill level 1 in Ice Magic
  1351 | D:2      | Reached skill level 1 in Air Magic
  1351 | D:2      | Reached skill level 1 in Earth Magic
  1351 | D:2      | Reached skill level 1 in Alchemy
  1377 | D:2      | Found an opulent altar of Gozag.
  1401 | D:2      | Noticed Terence
  1413 | D:2      | Killed Terence
  1414 | D:2      | Reached XP level 5. HP: 13/40 MP: 9/9
  1827 | D:3      | Noticed Jessica
  1831 | D:3      | Killed Jessica
  1931 | D:3      | Reached ** piety under Sif Muna
  2192 | D:3      | Noticed Pargi
  2204 | D:3      | Slain by Pargi

Illustrated notes

Levels and vault maps discovered:
D:1:      reono_arrival_mine, layout_basic,
          hellmonk_ecumenical_altar_leap_of_faith, minmay_bisected
D:2:      layout_rooms, basic_altar, nicolae_figureground_pulse, uniq_terence
D:3:      layout_loops_ring, minmay_crystal_room, uniq_pargi, uniq_jessica

Skill      XL: |  1  2  3  4  5 |
---------------+----------------+-----
Fire Magic     | 2 |  2.4
Invocations    | 1 |  1.8
Short Blades   | 1 |  1.6
Long Blades    | 1 |  1.6
Axes           | 1 |  1.6
Maces & Flails | 1 |  1.6
Polearms       | 1 |  1.6
Staves         | 1 |  1.6
Throwing       | 1 |  1.6
Armour         | 1 |  1.6
Stealth        | 1 |  1.6
Shields        | 1 |  1.6
Unarmed Combat | 1 |  1.6
Evocations     | 1 |  1.6
Spellcasting   | 3 |  3.2
Shapeshifting  | 1 |  1.4
Conjurations   | 1 |  1.3
Summonings     | 1 |  1.3
Necromancy     | 1 |  1.3
Translocations | 1 |  1.3
Ice Magic      | 1 |  1.3
Air Magic      | 1 |  1.3
Earth Magic    | 1 |  1.3
Alchemy        | 1 |  1.3
Fighting       | 3 |  3.0
Ranged Weapons | |  4.8
Dodging        | |  4.8
Hexes          | |  5.6

Action                     |  1- 3 |  4- 6 || total
---------------------------+-------+-------++-------
   Fire: Sling             |   118 |   112 ||   230
    Use: Scroll            |     5 |       ||     5
         Potion            |       |     1 ||     1
 Armour: Robe              |    22 |    53 ||    75
  Dodge: Dodged            |    36 |    57 ||    93
